 Dungeon Crawl Stone Soup version 0.30-a0-930-gb9d0489357 (webtiles) character file.

Game seed: 11270430412456935172

0 Esekla the Sneak (level 1, 0/16 HPs)
             Began as an Octopode Delver on Mar 23, 2023.
             Succumbed to an adder's poison
             ... on level 5 of the Dungeon.
             The game lasted 00:00:27 (41 turns).

Esekla the Sneak (Octopode Delver)                    Turns: 41, Time: 00:00:28

Health: 0/16       AC:  1    Str: 11    XL:     1   Next: 0%
Magic:  1/1        EV: 13    Int: 12    God:
Gold:   0          SH:  0    Dex: 13    Spells: 0/0 levels left

rFire   . . .      SeeInvis .    a - +0 falchion
rCold   . . .      Faith    .    (no shield)
rNeg    . . .      Spirit   .    (helmet restricted)
rPois   .          Reflect  .    (no amulet)
rElec   .          Rampage  .    (no ring)
rCorr   .                        (no ring)
Will    .....                    (no ring)
Stlth   ++++                     (no ring)
HPRegen 0.22/turn                (no ring)
MPRegen 0.07/turn                (no ring)
                                 (no ring)
                                 (no ring)

@: mighty, lethally poisoned (0 -> -8)
A: almost no armour, amphibious, 8 rings, camouflage 1, gelatinous body 1,
(nimble swimmer 1), tentacles
a: no special abilities


You were on level 5 of the Dungeon.
You visited 1 branch of the dungeon, and saw 1 of its levels.

Inventory:

Hand Weapons
 a - a +0 falchion (weapon)
Wands
 f - a wand of digging (3)
Scrolls
 b - a scroll of fog
 d - a scroll of fear
 g - a scroll of identify {unknown}
Potions
 e - a potion of haste


   Skills:
 * Level 3.0 Fighting
 * Level 2.0 Long Blades
 * Level 2.0 Dodging
 + Level 6.6 Stealth


You couldn't memorise any spells.
You didn't know any spells.
Your spell library was empty.

Dungeon Overview and Level Annotations

Branches:
Dungeon (5/15)
 Temple: D:4-7

Altars:


Innate Abilities, Weirdness & Mutations

You cannot wear most types of armour.
You are amphibious.
You can wear up to eight rings at the same time.
Your skin changes colour to match your surroundings (Stealth+).
Your rubbery body absorbs attacks. (AC +1, EV +1)
((You are camouflaged when in or above water. (Stealth+)))
You have tentacles for arms and can constrict up to eight enemies at once.


Message History

Welcome, Esekla the Octopode Delver.
The magnificent Orb of Zot lies far below, as if waiting for you to find it.
Press ? for a list of commands and other information.
Found a stone staircase leading down and a stone staircase leading up.
As you read the scroll of magic mapping, it crumbles to dust.
You feel aware of your surroundings.
You sensed 2 altars, and 1 shop/portal.
Found a stone staircase leading down.
There is a stone staircase leading down here.
Found a bubbling emerald potion and a scroll labelled OMEPSE POYR.
c - a bubbling emerald potion
Found a stone staircase leading down.
An adder comes into view.
You see here a scroll labelled OMEPSE POYR.
g - a scroll labelled OMEPSE POYR An adder comes into view.
The helpless adder fails to defend itself.
You hit the adder. Your grab misses the adder. Your squeeze misses the adder.
The adder is lightly wounded.
The adder bites you. x2
You are poisoned.
The adder poisons you!
You barely miss the adder. Your grab misses the adder.
The adder is lightly wounded.
You feel sick. The adder bites you.
You closely miss the adder. Your grab misses the adder.
The adder is lightly wounded.
You feel sick. The adder bites you.
You are more poisoned.
The adder poisons you! The adder bites you.
* * * LOW HITPOINT WARNING * * *
You are more poisoned.
The adder poisons you!
It was a potion of might.
You feel very mighty all of a sudden.
* * * LOW HITPOINT WARNING * * *
You feel very sick. The adder misses you.
You closely miss the adder. Your grab misses the adder. You squeeze the adder!
You kill the adder!
You die...

*,,,,,,**,*,,,,,,,***+******,*,**
*,<,,*,,,,*,,,,,,,,,,,******,*,,,
*,*,**,,,,*,,,,,,,,,,*,.,,,,,****
*,,,,,,,,,,,,,,###**,*.#******
****,**,,**##*,..#**,..* **
*,,,,,,,,.,*#.#,,.#** *,
****,*,**#.##.#,..# *, *,*,*
#.#.†#...# *, *,*,* #...@....# *,
*,,,* ###.##...# **
###############.###.##*******
.....#.................,,,,,*
.###.#.########.....S..,,,,,*
.###.#># ####>....#,**,* .....#.#
*.....#,**,* .#####.#
*,....*,,,,* .......#
*,,...,,,*,*


There were no monsters in sight!

Vanquished Creatures
  An adder (D:5)
1 creature vanquished.

Notes
Turn   | Place    | Note
-------+----------+-------------------------------------------
     0 | D:5      | Esekla the Octopode Delver began the quest for the Orb.
     0 | D:5      | Reached XP level 1. HP: 16/16 MP: 1/1
    41 | D:5      | Succumbed to an adder's poison

Illustrated notes

Levels and vault maps discovered:
D:5:      layout_basic, mainiacjoe_overflow_divided_tiny, serial_shops,
          kennysheep_little_box, uniq_sigmund

Action                     || total
---------------------------++-------
  Melee: Falchion          ||     4
         Tentacles         ||     1
    Use: Scroll            ||     1
         Potion            ||     1
   Stab: Sleeping          ||     1
  Dodge: Dodged            ||     1

Table legend: (Time is in decaauts)
 A = Elapsed time spent in this place.
 B = Non-inter-level travel time spent in this place.
 C = Inter-level travel time spent in this place.
 D = Time resting spent in this place.
 E = Time spent auto-exploring this place.
 F = Levels seen in this place.
 G = Mean time per level.
                   A        B        C        D        E       F      G
               +--------+--------+--------+--------+--------+-----+--------+
         Total |     41 |     41 |      0 |      0 |      0 |   1 |   41.0 |
       Dungeon |     41 |     41 |      0 |      0 |      0 |   1 |   41.0 |
               +--------+--------+--------+--------+--------+-----+--------+

Top non-repeatable levels by time:
     D:5: 41 daAuts
